 Dungeon Crawl Stone Soup version 0.22.1-1-ga44c0e5 (webtiles) character file.

91 topirishpotato the Covert (level 4, 0/29 HPs)
             Began as an Octopode Assassin on Sept 27, 2018.
             Slain by an orc
             ... wielding a +0 short sword
              (7 damage)
             ... on level 3 of the Dungeon.
             The game lasted 00:03:37 (2453 turns).

topirishpotato the Covert (Octopode Assassin)       Turns: 2453, Time: 00:03:37

Health: 0/29       AC:  1    Str: 10    XL:     4   Next: 57%
Magic:  4/4        EV: 13    Int: 13    God:
Gold:   158        SH:  0    Dex: 14    Spells: 3/3 levels left

rFire    . . .     SeeInvis .   a - +3 dagger
rCold    . . .     Gourm    .   (no shield)
rNeg     . . .     Faith    .   (helmet restricted)
rPois    .         Spirit   .   (no amulet)
rElec    .         Reflect  .   (no ring)
rCorr    .         Harm     .   (no ring)
MR       .....                  (no ring)
Stlth    +++++.....             (no ring)
HPRegen  0.09/turn              (no ring)
MPRegen  0.09/turn              (no ring)
                                (no ring)
                                (no ring)

@: no status effects
A: almost no armour, stealthy swim, amphibious, 8 rings, constrict 8, camouflage
1, gelatinous body 1
a: no special abilities


You were on level 3 of the Dungeon.
You were hungry.

You visited 1 branch of the dungeon, and saw 3 of its levels.

You collected 158 gold pieces.

Inventory:

Hand Weapons
 a - a +3 dagger (weapon)
 b - a +0 blowgun
Missiles
 c - 19 poisoned needles
 d - 2 curare-tipped needles
Scrolls
 g - 4 scrolls of remove curse
 j - a scroll of enchant armour
 n - a scroll of teleportation
Potions
 h - 2 potions of curing
 k - a potion of lignification
 m - a potion of ambrosia
Comestibles
 f - 5 rations


   Skills:
 - Level 2.0 Fighting
 - Level 2.0 Short Blades
 - Level 2.0 Throwing
 + Level 1.3 Dodging
 - Level 8.0 Stealth


You had 3 spell levels left.
You didn't know any spells.
Your spell library was empty.

Dungeon Overview and Level Annotations

Branches:
Dungeon (3/15)

Altars:
Okawaru

Portals:
Sewer: D:3


Innate Abilities, Weirdness & Mutations

You cannot wear most types of armour.
You are very stealthy in the water. (Stealth+)
You are amphibious.
You can wear up to eight rings at the same time.
You can use your tentacles to constrict eight enemies at once.
Your skin changes colour to match your surroundings (Stealth+).
Your rubbery body absorbs attacks. (AC +1, EV +1)


Message History

The worm is moderately wounded.
You constrict the worm. The bat hits you but does no damage.
The bat misses you. The worm misses you.
You hit the worm. You squeeze the worm, but do no damage.
The worm is heavily wounded.
You hear the slow rusting of a drain.
You constrict the worm. The bat hits you but does no damage.
The orc hits you with a short sword.
You hit the worm.
The worm is almost dead.
You constrict the worm. The bat hits you.
* * * LOW HITPOINT WARNING * * *
The orc closely misses you. The worm closely misses you.
The orc hits you with a short sword.
* * * LOW HITPOINT WARNING * * *
You hit the worm.
You kill the worm!
The bat barely misses you. The orc closely misses you.
The orc hits you with a short sword!
You die...

*,,*,**,**,****,,*#.#####
*.....(....# #..**....##
*..........####..#####...
*....≈≈≈...##...[........
*...≈≈≈≈≈S..#...........#
*#..≈≈∩≈≈..[..#..........
#..≈≈≈≈≈..#..#..........
#...≈≈b†o....?..........
#......@.....##.........
#.......o....o..>.....##
#.###........##......?.!
*.....!......#).....###.
*####..............## *#
###..######....# *
***#...#***#..####
*,....##*,,...#
*...#.,,,,..###*******


You could see an orc wizard, 2 orcs, a bat and a ball python (sleeping).

Vanquished Creatures
  3 adders (D:2)
  2 worms
  2 orcs (D:3)
  5 giant cockroaches
  10 goblins
  8 hobgoblins
  A quokka (D:2)
  A ball python (D:2)
  5 bats
  7 frilled lizards
  5 kobolds
  5 rats (D:1)
54 creatures vanquished.

Notes
Turn   | Place    | Note
-------+----------+-------------------------------------------
     0 | D:1      | topirishpotato the Octopode Assassin began the quest for
                  | the Orb.
     0 | D:1      | Reached XP level 1. HP: 14/14 MP: 1/1
   182 | D:1      | Reached skill level 6 in Stealth
   182 | D:1      | Reached XP level 2. HP: 19/19 MP: 2/2
   753 | D:1      | Reached XP level 3. HP: 24/24 MP: 3/3
   979 | D:2      | Found an iron altar of Okawaru.
  1364 | D:2      | Reached skill level 7 in Stealth
  1870 | D:2      | Reached XP level 4. HP: 24/29 MP: 4/4
  2242 | D:2      | Reached skill level 8 in Stealth
  2401 | D:3      | Found a faded altar of an unknown god.
  2442 | D:3      | Found a glowing drain.
  2453 | D:3      | Slain by an orc

Skill      XL: |  1  2  3  4 |
---------------+-------------+-----
Stealth        | 6 7 8 |  8.0
Fighting       | |  2.0
Short Blades   | |  2.0
Throwing       | |  2.0
Dodging        | |  1.3

Action                   |  1- 3 |  4- 6 || total
-------------------------+-------+-------++-------
Melee: Dagger            |    71 |    26 ||    97
       Constrict         |    13 |     6 ||    19
       Tentacles         |    11 |     3 ||    14
  Use: Potion            |     1 |       ||     1
       Scroll            |       |     9 ||     9
 Stab: Sleeping          |    19 |     4 ||    23
  Eat: Chunk             |     2 |     2 ||     4
Armor: Skin              |     7 |     7 ||    14
Dodge: Dodged            |    45 |    36 ||    81
